 Dungeon Crawl Stone Soup version 0.28-a0-1412-gf95308ed99 (webtiles) character file.

Game seed: 3431710879755827625

2171 bande the Cleaver (level 9, -2/55 HPs)
             Began as a Gargoyle Fighter on Jan 6, 2022.
             Slain by a troll (10 damage)
             ... on level 6 of the Dungeon on Jan 7, 2022.
             The game lasted 00:11:44 (7015 turns).

bande the Cleaver (Gargoyle Fighter)                Turns: 7015, Time: 00:11:45

Health: -2/55      AC: 19    Str: 19    XL:     9   Next: 32%
Magic:  9/9        EV:  5    Int: 10    God:
Gold:   298        SH:  5    Dex: 13    Spells: 8/8 levels left

rFire   + . .      SeeInvis .   a - +1 war axe
rCold   + . .      Faith    .   c - +0 buckler
rNeg    + + .      Spirit   .   g - +0 plate armour
rPois   ∞          Reflect  .   (no helmet)
rElec   +          Harm     .   v - scarf {rC+ rF+}
rCorr   .          Rampage  .   (no gloves)
Will    .....                   (no boots)
Stlth   ..........              (no amulet)
HPRegen 0.18/turn               k - ring of positive energy
MPRegen 0.11/turn               (no ring)

@: no status effects
A: sickness immunity, AC +6, negative energy resistance 1, electricity
resistance, torment resistance 1, petrification resistance
a: no special abilities


You were on level 6 of the Dungeon.
You visited 1 branch of the dungeon, and saw 7 of its levels.
You also visited: Sewer.

You collected 298 gold pieces.

Inventory:

Hand Weapons
 a - a +1 war axe (weapon)
 t - a +4 flail of holy wrath
Armour
 c - a +0 buckler (worn)
 g - a +0 plate armour (worn)
 v - a scarf of resistance (worn)
 A - a +1 cloak
Jewellery
 k - a ring of positive energy (left hand)
Wands
 f - a wand of digging (5)
Scrolls
 b - a scroll of enchant weapon
 e - 2 scrolls of fear
 m - a scroll of fog
 p - 5 scrolls of teleportation
 s - 2 scrolls of magic mapping
 u - a scroll of blinking
Potions
 d - a potion of might
 h - 2 potions of curing
 i - 5 potions of flight
 j - a potion of brilliance {unknown}
 l - 2 potions of resistance {unknown}
 n - a potion of berserk rage {unknown}
 o - a potion of magic {unknown}
 q - 2 potions of invisibility
 r - 3 potions of haste
 w - a potion of ambrosia {unknown}
 x - a potion of attraction {unknown}
 z - a potion of heal wounds


   Skills:
 + Level 6.0 Fighting
 + Level 8.2 Axes
 + Level 6.3 Armour
 + Level 5.4 Shields
 * Level 2.0 Evocations


You had 8 spell levels left.
You didn't know any spells.
Your spell library contained the following spells:

 Spells                   Type           Power      Damage    Failure   Level
 Animate Skeleton         Necr           0%         N/A       100%        1
 Beastly Appendage        Tmut           0%         N/A       100%        1
 Pain                     Necr           0%         1d4       100%        1
 Slow                     Hex            0%         N/A       100%        1
 Sting                    Tmut/Pois      0%         1d3       100%        1
 Blink                    Tloc           0%         N/A       100%        2
 Poisonous Vapours        Pois/Air       0%         N/A       100%        2
 Wereblood                Tmut           0%         N/A       100%        2
 Confusing Touch          Hex            0%         N/A       100%        3
 Lesser Beckoning         Tloc           0%         N/A       100%        3
 Spider Form              Tmut/Pois      0%         N/A       100%        3
 Vampiric Draining        Necr           0%         2d6       100%        3
 Olgreb's Toxic Radiance  Pois           0%         N/A       100%        4
 Manifold Assault         Tloc           0%         N/A       100%        5
 Yara's Violent Unravell  Hex/Tmut       0%         3d3       100%        5
 Enfeeble                 Hex            0%         N/A       100%        7


Dungeon Overview and Level Annotations

Branches:
Dungeon (7/15)              Sewer (visited)
 Temple: D:4-7

Altars:
Kikubaaqudgha

Shops:
D:3 [


Innate Abilities, Weirdness & Mutations

You are immune to sickness and miasma.
Your stone body is resilient. (AC +6)
You are immune to poison.
You resist negative energy. (rN+)
You are resistant to electric shocks. (rElec)
You are resistant to unholy torment.
You are immune to petrification.


Message History

r - 3 potions of haste
As you read the scroll of identify, it crumbles to dust.
i - 5 potions of flight
As you read the scroll of identify, it crumbles to dust.
q - 2 potions of invisibility
As you read the scroll of identify, it crumbles to dust.
h - 2 potions of curing Welcome back, bande the Gargoyle Fighter.
Press ? for a list of commands and other information.
You start resting.
HP restored.
Items here: ))) [[ †.
Things that are here:
a +0 ring mail; a +0 short sword A troll and a shadow imp come into view.
The shadow imp shouts!
The troll shouts!
There is a stone staircase leading up here.
The shadow imp grinds its teeth.
You climb upwards.
There is a stone staircase leading down here.
You climb downwards.
The troll bites you. The troll claws you but does no damage.
The troll barely misses you. The troll bites you but does no damage.
The troll claws you. The troll claws you but does no damage.
There is a stone staircase leading up here.
The troll barely misses you. x2; The troll claws you but does no damage.
You climb upwards.
There is a stone staircase leading down here.
You slash the troll!
The troll is moderately wounded.
The troll bites you! You block the troll's attack. The troll claws you.
You hit the troll but do no damage.
The troll is lightly wounded.
The troll bites you! The troll claws you. The troll claws you!
* * * LOW HITPOINT WARNING * * *
You hit the troll.
The troll is moderately wounded.
The troll bites you but does no damage. The troll barely misses you.
The troll claws you!
You die...

............##.#
.#.###########.#
...# #.# .#.#
#.# .#.# #.###
.#.# #..(# .#.#
###.# .#.# #.#
...# #@# ####
#T# #.# #.# #.#
##############.#
#..............#
#.##############
#.#


You could see a troll.

Vanquished Creatures
  Grinder (D:4)
  Sigmund (D:3)
  2 steam dragons (D:6)
  Edmund (D:4)
  A sky beast (D:5)
  A black bear (D:4)
  A necrophage (D:5)
  A kobold brigand (D:6)
  Blork the orc (D:6)
  3 bullfrogs
  A gnoll sergeant (D:6)
  2 centaur zombies (D:6)
  2 orc priests
  A hound (D:5)
  A bullfrog skeleton (D:6)
  3 centaur skeletons
  2 orc wizards
  Natasha (thrice) (D:3)
  An iguana (D:4)
  A hound skeleton (D:4)
  6 gnolls
  9 adders
  9 river rats
  A shadow imp (D:6)
  2 ufetubi
  A worm (D:3)
  5 dart slugs
  19 orcs
  3 bats
  8 endoplasms
  3 giant cockroaches
  8 hobgoblins
  8 jackals
  4 quokkas
  14 ball pythons
  4 frilled lizards (Sewer)
  10 goblins
  7 kobolds
  24 rats
175 creatures vanquished.

Notes
Turn   | Place    | Note
-------+----------+-------------------------------------------
     0 | D:1      | bande the Gargoyle Fighter began the quest for the Orb.
     0 | D:1      | Reached XP level 1. HP: 14/14 MP: 1/1
    60 | D:1      | Reached XP level 2. HP: 19/19 MP: 2/2
   437 | D:1      | Reached skill level 2 in Axes
   522 | D:1      | Reached XP level 3. HP: 18/23 MP: 3/3
  1394 | D:2      | Reached XP level 4. HP: 29/29 MP: 4/4
  1408 | D:2      | Found a faded altar of an unknown god.
  1733 | D:3      | Reached skill level 3 in Axes
  1763 | D:3      | Noticed Sigmund
  1774 | D:3      | Noticed Natasha
  1776 | D:3      | Killed Sigmund
  1777 | D:3      | Reached skill level 4 in Axes
  1777 | D:3      | Reached XP level 5. HP: 32/33 MP: 5/5
  1777 | D:3      | Reached XP level 6. HP: 37/38 MP: 6/6
  1785 | D:3      | Killed Natasha
  1809 | D:3      | Noticed Natasha
  1820 | D:3      | Killed Natasha
  1896 | D:3      | Found a glowing drain.
  1906 | Sewer    | Entered a sewer
  2938 | Sewer    | Reached XP level 7. HP: 37/44 MP: 7/7
  2941 | Sewer    | Reached skill level 5 in Axes
  3536 | D:3      | Noticed Natasha
  3551 | D:3      | Killed Natasha
  3950 | D:3      | Found Quhav's Antique Armour Shop.
  4024 | D:4      | Reached skill level 5 in Fighting
  4194 | D:4      | Noticed Grinder
  4210 | D:4      | Paralysed by Grinder for 2 turns
  4231 | D:4      | Reached skill level 6 in Axes
  4234 | D:4      | Killed Grinder
  4235 | D:4      | Reached skill level 5 in Armour
  4235 | D:4      | Reached XP level 8. HP: 27/49 MP: 8/8
  4401 | D:4      | Noticed Edmund
  4412 | D:4      | Killed Edmund
  4927 | D:5      | Entered Level 5 of the Dungeon
  5056 | D:5      | Reached skill level 7 in Axes
  5056 | D:5      | Reached skill level 5 in Shields
  6026 | D:6      | Reached skill level 1 in Evocations
  6026 | D:6      | Reached XP level 9. HP: 50/55 MP: 9/9
  6300 | D:6      | Noticed Blork the orc
  6307 | D:6      | Killed Blork the orc
  6396 | D:6      | Reached skill level 8 in Axes
  6606 | D:6      | Found an ancient bone altar of Kikubaaqudgha.
  6889 | D:7      | Upgraded the game from 0.28-a0-1404-g4df0f3684d to
                  | 0.28-a0-1412-gf95308ed99
  6980 | D:7      | Noticed a troll
  7015 | D:6      | Slain by a troll

Illustrated notes

Levels and vault maps discovered:
D:1:      giann_wishing_wells, layout_basic, columned_hall_lemuel
D:2:      layout_rooms, basic_ecumenical_altar
D:3:      layout_basic, portal_sewer_entry_e, serial_shops,
          nicolae_shop_hallway_stairs, uniq_natasha, uniq_sigmund
D:4:      layout_rooms, dk_rats_in_the_wall, uniq_grinder, uniq_edmund
D:5:      layout_rooms
D:6:      layout_loops_ring, mainiacjoe_overflow_24_doors, uniq_blork_the_orc
D:7:      layout_cave_pools, grunt_qazlal_clouds,
          mainiacjoe_overflow_catch_the_wave, temple_pool_b,
          hellmonk_ghost_happy_afterlife, serial_gnoll_camp,
          gnoll_camp_medium_01, gnoll_camp_mini_doghouse, gnoll_camp_mini_house,
          gnoll_camp_mini_hut, gnoll_camp_mini_basic, minmay_misc_feat_cross,
          minivault_22, minmay_misc_feat_pillars, uniq_prince_ribbit1

Skill      XL: |  1  2  3  4  5  6  7  8  9 |
---------------+----------------------------+-----
Axes           | 2 4 6 7 8 |  8.2
Fighting       | 4 5 6 |  6.0
Armour         | 4 5 6 |  6.3
Shields        | 4 5 |  5.4
Evocations     | 1 2 |  2.0

Action                   |  1- 3 |  4- 6 |  7- 9 || total
-------------------------+-------+-------+-------++-------
Melee: War axe           |    76 |   127 |   290 ||   493
  Use: Scroll            |     4 |     4 |    10 ||    18
       Potion            |       |     2 |       ||     2
Armor: Scale mail        |     9 |       |       ||     9
       Plate armour      |    46 |   141 |   300 ||   487
Dodge: Dodged            |    22 |    46 |    72 ||   140
Block: Buckler           |    18 |    44 |    79 ||   141

Table legend: (Time is in decaauts)
 A = Elapsed time spent in this place.
 B = Non-inter-level travel time spent in this place.
 C = Inter-level travel time spent in this place.
 D = Time resting spent in this place.
 E = Time spent auto-exploring this place.
 F = Levels seen in this place.
 G = Mean time per level.
                   A        B        C        D        E       F      G
               +--------+--------+--------+--------+--------+-----+--------+
         Total |   7206 |   7039 |    167 |   1938 |   3446 |   8 |  900.8 |
       Dungeon |   5618 |   5451 |    167 |    735 |   3241 |   7 |  802.6 |
         Sewer |   1588 |   1588 |      0 |   1203 |    205 |   1 | 1588.0 |
               +--------+--------+--------+--------+--------+-----+--------+

Top non-repeatable levels by time:
   Sewer: 1588 daAuts
     D:1: 1112 daAuts
     D:6: 1104 daAuts
     D:4: 975 daAuts
     D:3: 902 daAuts
     D:5: 860 daAuts
     D:2: 515 daAuts
     D:7: 148 daAuts
